 Dungeon Crawl Stone Soup version 0.21-a0-150-gc243083 (webtiles) character file.

183 nikopol the Magician (level 5, -5/28 HPs)
             Began as a Deep Elf Fire Elementalist on July 26, 2017.
             Killed from afar by an orc wizard (7 damage)
             ... with a puff of flame
             ... on level 4 of the Dungeon.
             The game lasted 00:05:20 (2163 turns).

nikopol the Magician (Deep Elf Fire Elementalist)   Turns: 2163, Time: 00:05:21

Health: -5/28      AC:  3    Str:  5    XL:     5   Next: 35%
Magic:  11/14      EV: 12    Int: 21    God:
Gold:   262        SH:  0    Dex: 15    Spells: 7/13 levels left

rFire    . . .     SeeInvis .   h - +0 dagger
rCold    . . .     Gourm    .   (no shield)
rNeg     . . .     Faith    .   a - +0 robe
rPois    .         Spirit   .   (no helmet)
rElec    .         Reflect  .   (no cloak)
rCorr    .         Harm     .   (no gloves)
MR       .....                  t - +0 pair of boots
Stlth    ++........             (no amulet)
HPRegen  0.09/turn              (no ring)
MPRegen  0.14/turn              (no ring)

@: drained
A: no striking features
a: no special abilities


You were on level 4 of the Dungeon.
You were not hungry.

You visited 1 branch of the dungeon, and saw 4 of its levels.

You collected 262 gold pieces.

Inventory:

Hand Weapons
 h - a +0 dagger (weapon)
 i - a +0 vampiric short sword
Armour
 a - a +0 robe (worn)
 t - a +0 pair of boots (worn)
Scrolls
 d - 2 scrolls of fog {unknown}
 g - 4 scrolls of identify {unknown}
 j - a scroll of recharging {unknown}
 l - a scroll of fear {unknown}
 n - 3 scrolls of magic mapping {unknown}
 p - a scroll of blinking {unknown}
 q - a scroll of remove curse {unknown}
 r - a scroll of enchant armour {unknown}
 u - 2 scrolls of teleportation {unknown}
Potions
 e - 2 potions of might {unknown}
 k - a potion of haste {unknown}
 m - a potion of curing {unknown}
 s - a potion of agility {unknown}
Books
 b - a book of Flames

   Spells                             Type                      Level
   a - Flame Tongue                   Conjuration/Fire             1
   b - Throw Flame                    Conjuration/Fire             2
   c - Conjure Flame                  Conjuration/Fire             3
   d - Inner Flame                    Hexes/Fire                   3
   e - Sticky Flame                   Conjuration/Fire             4
   f - Fireball                       Conjuration/Fire             5
Comestibles
 c - 3 bread rations
 f - 3 meat rations


   Skills:
 + Level 0.2(0.0) Fighting
 + Level 2.8(1.8) Dodging
 + Level 3.4(2.3) Stealth
 + Level 4.7(3.6) Spellcasting
 + Level 2.6(1.6) Conjurations
 + Level 4.5(3.5) Fire Magic


You had 7 spell levels left.
You knew the following spells:

 Your Spells              Type           Power        Failure   Level  Hunger
a - Flame Tongue          Conj/Fire      ##...        4%          1    None
b - Throw Flame           Conj/Fire      ##....       6%          2    ##.....
c - Conjure Flame         Conj/Fire      ##......     13%         3    ###....


Dungeon Overview and Level Annotations

Branches:
Dungeon (4/15)
 Temple: D:4-7

Altars:
Cheibriados
Dithmenos
Gozag


Message History

Casting: Flame Tongue
Confirm with . or Enter, or press ? or * to list all spells.
Aiming: Flame Tongue
Press: ? - help, Shift-Dir - straight line, f/p - centaur skeleton
Aim: a centaur skeleton (severely damaged)
The flame tongue hits the centaur skeleton.
The centaur skeleton is almost destroyed.
Something hits you but does no damage. The centaur skeleton hits you.
* * * LOW HITPOINT WARNING * * *
You hear some strange, mumbled words.
A puff of flame appears from out of thin air!
The puff of flame hits you!
* * * LOW HITPOINT WARNING * * *
The centaur skeleton barely misses you. Something hits you.
* * * LOW HITPOINT WARNING * * *
You hear some strange, mumbled words.
A puff of flame appears from out of thin air!
The puff of flame hits you!
You die...

#.#..........#...........######
#.#.##.............).....##....
#.#.##........................#
#.#.##...)...##..........#....#
###.#.###.#[#..................##
#.........#.##.##Z...............
#....(....#.##..#{.o.......#...#.
#...........###..#####.........o.
#..........## ##@# ##..........
#..........# #.# #......####
#..........# #.. ..........# #
#..........# ###.#.............
#..........##### ...............
#.....)......... ........###.#.
#..........>.... #.......# #.#.
###.##<........# .$..... #...
#.#.....###### ...


You could see a centaur skeleton.

Vanquished Creatures
  2 hounds
  A worker ant (D:4)
  3 adders
  An adder skeleton (D:4)
  2 worms (D:3)
  2 dart slugs
  5 orcs (D:4)
  2 ball pythons
  2 giant cockroaches
  10 goblins
  4 hobgoblins
  3 jackals (D:3)
  3 kobolds
  A quokka (D:2)
  3 bats
  5 frilled lizards
  4 rats
53 creatures vanquished.

Notes
Turn   | Place    | Note
-------+----------+-------------------------------------------
     0 | D:1      | nikopol the Deep Elf Fire Elementalist began the quest for the Orb.
     0 | D:1      | Reached XP level 1. HP: 10/10 MP: 6/6
   157 | D:1      | Reached XP level 2. HP: 15/15 MP: 6/8
   161 | D:1      | Learned a level 2 spell: Throw Flame
   735 | D:2      | Found a shadowy altar of Dithmenos.
   902 | D:2      | Reached XP level 3. HP: 19/19 MP: 6/9
   907 | D:2      | Learned a level 3 spell: Conjure Flame
  1015 | D:3      | Found an opulent altar of Gozag.
  1055 | D:3      | Found a faded altar of an unknown god.
  1440 | D:3      | Found a snail-covered altar of Cheibriados.
  1483 | D:3      | Reached XP level 4. HP: 17/24 MP: 8/12
  1838 | D:4      | Reached XP level 5. HP: 16/28 MP: 4/13
  2163 | D:4      | Killed from afar by an orc wizard

Vault maps used:
D:1:      minmay_arrival_four_circles
D:2:      lemuel_coloured_pillars_altar
D:3:      cheibriados_altar_1, nicolae_overflow_crystal_walls,
          chequers_ecumenical_altar_lobes, serial_forest,
          infiniplex_forest_zigzag_2, infiniplex_forest_zigzag_1,
          infiniplex_forest_clump_curved, infiniplex_forest_straight_4,
          first_bread

Skill      XL: |  1  2  3  4 |
---------------+-------------+-----
Fire Magic     | 4 |  4.5
Stealth        | 3 |  3.4
Spellcasting   | 4 |  4.7
Conjurations   | 2 |  2.6
Fighting       | |  0.2
Dodging        | |  2.8

Action                   |  1- 3 |  4- 6 || total
-------------------------+-------+-------++-------
 Cast: Flame Tongue      |    65 |    44 ||   109
  Eat: Chunk             |     2 |     2 ||     4
Armor: Robe              |     2 |     7 ||     9
Dodge: Dodged            |    13 |    24 ||    37
